 Dungeon Crawl Stone Soup version 0.16-a0-395-g6404e95 (console) character file.

86 gw the Vexing (level 4, -1/32 HPs)
             Began as a Human Enchanter on Sept 14, 2014.
             Succumbed to Crazy Yiuf's poison
             ... on Level 3 of the Dungeon.
             The game lasted 00:02:01 (4163 turns).

gw the Vexing (Human Enchanter)                     Turns: 4163, Time: 00:02:01

HP  -1/32        AC  4     Str  8      XL: 4   Next: 78%
MP   0/8         EV 10     Int 17      God:
Gold 81          SH  0     Dex 13      Spells:  4 memorised,  0 levels left

rFire  . . .     SeeInvis +     a - +2 dagger (pain)
rCold  . . .     Clarity  .     h - +0 leather armour
rNeg   . . .     rCorr    .     (no shield)
rPois  .         rRot     .     g - +0 helmet {SInv}
rElec  .         Spirit   .     (no cloak)
SustAb .         Warding  .     (no gloves)
rMut   .         Stasis   .     (no boots)
Gourm  .                        (no amulet)
MR     .....                    (no ring)
                                (no ring)

@: lethally poisoned, very slightly contaminated, not resistant to hostile
enchantments, unstealthy
A: no striking features
a: no special abilities


You were on level 3 of the Dungeon.
You were not hungry.

You visited 1 branch of the dungeon, and saw 3 of its levels.

You collected 81 gold pieces.

Inventory:

Hand weapons
 a - a +2 dagger of pain (weapon)
Missiles
 f - 18 stones (quivered)
 i - 42 arrows
Armour
 g - a +0 helmet of see invisible (worn)
 h - a +0 leather armour (worn)
Comestibles
 k - 3 meat rations
 m - a beef jerky
Scrolls
 b - 2 scrolls of remove curse
 l - a scroll of fog {unknown}
Potions
 e - a potion of poison {unknown}
 o - a potion of invisibility {unknown}
Books
 c - a book of Maledictions

   Spells                             Type                      Level
   *Corona                            Hexes                        1
   *Sure Blade                        Hexes/Charms                 2
   *Ensorcelled Hibernation           Hexes/Ice                    2
   *Confuse                           Hexes                        3
   Dazzling Spray                     Conjuration/Hexes            3
   Enslavement                        Hexes                        4
 n - a book of Annihilations {highlevel, unknown}

   This book is beyond your current level of understanding.

   Spells                             Type                      Level
   Poison Arrow                       Conjuration/Poison           6
   Chain Lightning                    Conjuration/Air              8
   Lehudib's Crystal Spear            Conjuration/Earth            8
   Glaciate                           Conjuration/Ice              9
   Fire Storm                         Conjuration/Fire             9


   Skills:
 + Level 1.3 Fighting
 + Level 1.8 Short Blades
 + Level 1.4 Armour
 - Level 2.0 Dodging
 - Level 3.0 Stealth
 * Level 2.9 Spellcasting
 + Level 3.4 Hexes


You couldn't memorise any spells.
You knew the following spells:

 Your Spells              Type           Power        Failure   Level  Hunger
a - Corona                Hex            ##.....      4%          1    None
b - Ensorcelled Hibernat  Hex/Ice        #.....       17%         2    ##.....
c - Sure Blade            Hex/Chrm       #.........   17%         2    ##.....
d - Confuse               Hex            ##......     14%         3    ###....


Dungeon Overview and Level Annotations

Branches:
Dungeon (3/15)

Altars:

Annotations:
D:3 Crazy Yiuf


Message History

Crazy Yiuf is outlined in light.
You feel sick.
Crazy Yiuf hits you with a quarterstaff of chaos.
You are more poisoned.
FLEEEEING!
MOVING TO (0,-3)
You feel sick.
MOVING TO (0,-2)
You feel sick.
Crazy Yiuf laughs, "Rifle head head!"
MOVING TO (0,-1)
You feel sick.
Drink which item? (? for menu, Esc to quit)
You feel much better.
You feel sick.
Crazy Yiuf hits you with a quarterstaff of chaos!
Crazy Yiuf burns you.
FLEEEEING!
ATTACKING (0,1)
You completely miss Crazy Yiuf.
Crazy Yiuf is moderately wounded.
You die...

............##.#
###.####..#.##.#
#.####.......#
#............#
#######.#.##.#
#..#.#.# #.#..#.#
#..#.#.###
##.#.....p#
#.###.###g# ###
### #.# #.# #.##
### 77##..#
#)..#77 77..+..#
#...'.7777......#
#...#7..7.......#


You could see Crazy Yiuf.

Table legend:
 A = Turns spent in this place as a percentage of turns spent in the entire game.
 B = Non-inter-level travel turns spent in this place as a percentage of non-inter-level travel turns spent in the entire game.
 C = Inter-level travel turns spent in this place as a percentage of turns spent in this place.
 D = Turns resting spent in this place as a percentage of non-inter-level travel turns spent in this place.
 E = Turns spent auto-exploring this place as a percentage of non-inter-level travel turns spent in this place.
 F = Non-inter-level travel turns spent in this place divided by the number of levels of this place that you've seen.
                   A       B       C       D       E      F
               +-------+-------+-------+-------+-------+----------------------
         Total | 100.0 | 100.0 |   1.3 |  11.6 |   8.5 | 350.0
       Dungeon | 100.0 | 100.0 |   1.3 |  11.6 |   8.5 | 350.0
               +-------+-------+-------+-------+-------+----------------------

Table legend:
 A = Kills in this place as a percentage of kills in entire the game.
 B = Kills by you in this place as a percentage of kills by you in the entire game.
 C = Kills by friends in this place as a percentage of kills by friends in the entire game.
 D = Other kills in this place as a percentage of other kills in the entire game.
 E = Experience gained in this place as a percentage of experience gained in the entire game.
 F = Experience gained in this place divided by the number of levels of this place that you have seen.
                   A       B       C       D       E      F
               +-------+-------+-------+-------+-------+----------------------
         Total | 100.0 | 100.0 |  -nan |  -nan | 100.0 |  41.3
       Dungeon | 100.0 | 100.0 |  -nan |  -nan | 100.0 |  41.3
               +-------+-------+-------+-------+-------+----------------------

Vanquished Creatures
  3 adders (D:3)
  2 giant mites
  A giant gecko (D:2)
  An ooze (D:2)
  A giant cockroach (D:3)
  5 goblins
  9 hobgoblins
  4 jackals (D:2)
  5 bats
  3 giant newts
  4 kobolds (D:1)
  6 rats
44 creatures vanquished.

Notes
Turn   | Place    | Note
--------------------------------------------------------------
     0 | D:1      | gw, the Human Enchanter, began the quest for the Orb.
     0 | D:1      | Reached XP level 1. HP: 13/13 MP: 3/3
   442 | D:1      | Reached XP level 2. HP: 19/19 MP: 0/4
   482 | D:1      | Learned a level 2 spell: Ensorcelled Hibernation
   485 | D:1      | Learned a level 2 spell: Sure Blade
  1477 | D:2      | Reached skill level 1 in Armour
  1484 | D:2      | Reached XP level 3. HP: 23/25 MP: 0/6
  2966 | D:3      | Reached skill level 1 in Fighting
  2966 | D:3      | Reached XP level 4. HP: 24/32 MP: 0/8
  3090 | D:3      | Learned a level 3 spell: Confuse
  4130 | D:3      | Noticed Crazy Yiuf
  4162 | D:3      | HP: 1/32 [Crazy Yiuf/quarterstaff of chaos (2)]
  4163 | D:3      | Succumbed to Crazy Yiuf's poison

Action                   |  1- 3 |  4- 6 || total
-------------------------+-------+-------++-------
Melee: Dagger            |   107 |    40 ||   147
 Cast: Corona            |    30 |    18 ||    48
       Sure Blade        |    36 |     9 ||    45
       Ensorcelled Hiber |     6 |     8 ||    14
       Confuse           |       |     8 ||     8
  Use: Potion            |     4 |     2 ||     6
       Scroll            |     4 |       ||     4
 Stab: Confused          |       |     1 ||     1
  Eat: Chunk             |     3 |     2 ||     5
       Bread ration      |     2 |     1 ||     3

Vault maps used:
D:1:      dpeg_arrival_more_subterranean_lakeside_camping, dk_noncrumbling_3
D:2:      first_bread
D:3:      uniq_crazy_yiuf_cottage
